 Dungeon Sprint DCSS version 0.27-a0-1144-g0b7d3b79db (webtiles) character file.

Game seed: 1004864319519419415

3609 Zeld the Zephyrmancer (level 10, -29/75 HPs)
             Began as an Octopode Air Elementalist on May 10, 2021.
             Was an Elder of Sif Muna.
             Annihilated by a spriggan berserker
             ... wielding a +0 rapier
              (45 damage)
             ... in the Dungeon (Sprint IV: "Fedhas' Mad Dash").
             The game lasted 00:06:17 (8401 turns).

Zeld the Zephyrmancer (Octopode Air Elementalist)   Turns: 8401, Time: 00:06:18

Health: -29/75     AC: -3    Str:  8    XL:     10   Next: 11%
Magic:  23/23      EV: 17    Int: 21    God:    Sif Muna [****..]
Gold:   205        SH:  0    Dex: 12    Spells: 20/27 levels left

rFire    . . .     SeeInvis .   (no weapon)
rCold    . . .     Faith    .   (no shield)
rNeg     + . .     Spirit   .   (helmet restricted)
rPois    .         Reflect  .   f - amulet of invisibility {+Inv}
rElec    .         Harm     .   j - ring of positive energy
rCorr    .         Rampage  .   (no ring)
Will     .....     NoTele   +   (no ring)
Stlth    +++.......             (no ring)
HPRegen  0.22/turn              (no ring)
MPRegen  0.18/turn              (no ring)
                                (no ring)
                                (no ring)

@: corroded, very slightly contaminated, studying Throwing, invisible
A: almost no armour, amphibious, 8 rings, camouflage 1, gelatinous body 1,
(nimble swimmer 1), tentacles
a: Renounce Religion, Evoke Invisibility, Channel Magic, Forget Spell, Divine
Exegesis


You were in the Dungeon.
You worshipped Sif Muna.
Sif Muna was greatly pleased with you.
You visited 1 branch You collected 205 gold pieces.

Inventory:

Jewellery
 f - the amulet of invisibility (around mantle) {+Inv}
   (You found it in the Dungeon)

   [amulet of nothing]

   It lets you turn invisible.
 j - a ring of positive energy (left tentacle)
Scrolls
 a - a scroll of fear {unknown}
 h - a scroll of enchant armour {unknown}
Potions
 b - 3 potions of curing
 c - 2 potions of heal wounds
 d - a potion of haste
 i - a potion of degeneration {unknown}


   Skills:
 + Level 9.7 Fighting
 + Level 10.0 Dodging
 - Level 2.6 Stealth
 + Level 9.2 Spellcasting
 - Level 1.0 Conjurations
 * Level 13.6 Air Magic
 * Level 9.0 Invocations


You had 20 spell levels left.
You knew the following spells:

 Your Spells              Type           Power      Damage    Failure   Level
a - Shock                 Conj/Air       100%       1d9       1%          1
b - Static Discharge      Conj/Air       40%        N/A       1%          2
c - Airstrike             Air            30%        N/A       1%          4

Your spell library contained the following spells:

 Spells                   Type           Power      Damage    Failure   Level
 Swiftness                Air            61%        N/A       1%          3
 Summon Lightning Spire   Summ/Air       38%        N/A       4%          4
 Summon Small Mammal      Summ           36%        N/A       7%          1
 Lightning Bolt           Conj/Air       20%        1d35      10%         5
 Call Imp                 Summ           9%         N/A       11%         2
 Call Canine Familiar     Summ           9%         N/A       22%         3
 Inner Flame              Hex/Fire       9%         N/A       22%         3
 Ozocubu's Armour         Ice            9%         N/A       22%         3
 Summon Guardian Golem    Hex/Summ       9%         N/A       22%         3
 Teleport Other           Tloc           9%         N/A       22%         3
 Summon Ice Beast         Ice/Summ       9%         N/A       56%         4


Dungeon Overview and Level Annotations

Branches:
Dungeon (1/1)

Altars:
Cheibriados
Dithmenos
Elyvilon
Gozag
Hepliaklqana
Kikubaaqudgha
Makhleb
Nemelex Xobeh
Okawaru
Qazlal
Ru
Sif Muna
Trog
Uskayaw
Vehumet
Wu Jian
Xom
Yredelemnul
Zin
The Shining One
Beogh
Jiyva
Lugonu

Shops:
D [[=(

Annotations:
D exclusion: 3 oklob plants


Innate Abilities, Weirdness & Mutations

You cannot wear most types of armour.
You are amphibious.
You can wear up to eight rings at the same time.
Your skin changes colour to match your surroundings (Stealth+).
Your rubbery body absorbs attacks. (AC +1, EV +1)
((You are camouflaged near water. (Stealth+)))
You have tentacles for arms and can constrict up to eight enemies at once.


Message History

3 oklob plants come into view.
You hear a trumpeting!
Marking area around 3 oklob plants as unsafe for travelling.
Found a crooked smoking staff, 14 stones, a leather armour and 14 gold pieces.
You close the door.
You hear a trumpeting!
Okay, then.
You fade into invisibility!
You are very lightly contaminated with residual magic.
Casting: Airstrike (safe; 1% risk of failure)
Confirm with . or Enter, or press ? or * to list all spells.
You don't know that spell.
Unknown command.
Unknown command.
This spell is dangerous to cast!
Memorise Summon Lightning Spire, consuming 4 spell levels and leaving 16?
The oklob plant summoner mumbles some strange words.
You hear a bellow!
You start memorising the spell.
You continue memorising.
You hear a bellow!
You continue memorising.
Magic restored.
The oklob plant summoner spits acid at you.
Your memorisation is interrupted.
The splash of acid hits you! The acid corrodes you!
You are splashed with acid!
* * * LOW HITPOINT WARNING * * *
You hear a bellow!
A spriggan berserker opens the door.
Blink to where?
Press: ? - help, Dir - move target
As you read the scroll of blinking, it crumbles to dust.
You feel less invigorated.
Okay, then.
The death yak bellows!
The death yak barely misses you.
The spriggan berserker prays to Trog.
The spriggan berserker goes berserk!
The spriggan berserker hits you with a +0 rapier!!!
Ouch! That really hurt!
You die...

#[..'.._._._._._..'..#...#....'.)
#...#..._._._._...#..###'##.[.##∩
##'##.._._._._._..#..##∩∩.'...###
'...#._._._._._.⌠.#############
#...###################..P.[$#
#####♣♣♣♣♣.)♣.###.'..'Y....5(+
#..'......♣..♣##.Y#..#.P....P#
...#♣..♣♣♣.♣..###i## ##.P.P..#
...#.♣♣..♣....'Y@.# #######
###################


You could see a death yak (summoned, wandering, berserk), an elephant (summoned,
berserk) and a spriggan berserker (berserk).

Vanquished Creatures
  A spriggan druid (D)
  3 oklob plants (D)
  3 burning bushes (D)
  A queen bee (D)
  3 wandering mushrooms (D)
  3 scorpions (D)
  4 killer bees (D)
  5 oklob saplings (D)
  2 spriggans (D)
  A river rat (D)
  A rat (D)
27 creatures vanquished.

Notes
Turn   | Place    | Note
-------+----------+-------------------------------------------
     0 | D        | Zeld the Octopode Air Elementalist began the quest for the
                  | Orb.
     0 | D        | Reached XP level 1. HP: 11/11 MP: 3/3
  1218 | D        | Reached skill level 1 in Fighting
  1218 | D        | Reached skill level 4 in Air Magic
  1218 | D        | Reached XP level 2. HP: 10/18 MP: 0/5
  1221 | D        | Learned a level 2 spell: Static Discharge
  1339 | D        | Noticed an oklob sapling
  1346 | D        | Killed an oklob sapling
  1347 | D        | Reached skill level 5 in Air Magic
  1347 | D        | Reached XP level 3. HP: 25/25 MP: 5/7
  1348 | D        | Noticed a scorpion
  1349 | D        | Found the amulet of invisibility {+Inv}
  1353 | D        | Killed a scorpion
  1354 | D        | Reached skill level 6 in Air Magic
  1354 | D        | Reached XP level 4. HP: 32/32 MP: 6/10
  1617 | D        | Learned a level 4 spell: Airstrike
  1619 | D        | Found an opulent altar of Gozag.
  1619 | D        | Found a hazy altar of Hepliaklqana.
  1619 | D        | Found a burning altar of Makhleb.
  1619 | D        | Found a sparkling altar of Nemelex Xobeh.
  1619 | D        | Found a snail-covered altar of Cheibriados.
  1619 | D        | Found a sacrificial altar of Ru.
  1619 | D        | Found a shimmering blue altar of Sif Muna.
  1619 | D        | Found a shimmering altar of Xom.
  1619 | D        | Found a basalt altar of Yredelemnul.
  1620 | D        | Found a viscous altar of Jiyva.
  1620 | D        | Found a bloodstained altar of Trog.
  1620 | D        | Found an ornate altar of the Wu Jian Council.
  1620 | D        | Noticed an oklob sapling priest
  1621 | D        | Found an iron altar of Okawaru.
  1621 | D        | Found a glowing silver altar of Zin.
  1621 | D        | Found a shadowy altar of Dithmenos.
  1622 | D        | Found a hide-covered altar of Uskayaw.
  1622 | D        | Found an ancient bone altar of Kikubaaqudgha.
  1623 | D        | Found a glowing golden altar of the Shining One.
  1623 | D        | Found a stormy altar of Qazlal.
  1623 | D        | Found a white marble altar of Elyvilon.
  1624 | D        | Found a radiant altar of Vehumet.
  1624 | D        | Found a corrupted altar of Lugonu.
  1627 | D        | Became a worshipper of Sif Muna the Loreminder
  1904 | D        | Reached XP level 5. HP: 37/37 MP: 2/11
  1910 | D        | Learned a level 5 spell: Lightning Bolt
  2294 | D        | Reached skill level 5 in Dodging
  2294 | D        | Reached skill level 7 in Air Magic
  2747 | D        | Reached * piety under Sif Muna
  2748 | D        | Reached skill level 5 in Spellcasting
  2983 | D        | Reached skill level 5 in Fighting
  2983 | D        | Reached skill level 8 in Air Magic
  2983 | D        | Reached XP level 6. HP: 45/45 MP: 8/13
  3181 | D        | Found Deas's Armour Shop.
  3181 | D        | Found Ohas's Armour Emporium.
  3188 | D        | Noticed a burning bush
  3188 | D        | Noticed a wandering mushroom
  3196 | D        | Reached ** piety under Sif Muna
  3197 | D        | Reached skill level 9 in Air Magic
  3544 | D        | Noticed a wandering mushroom
  3561 | D        | Killed a wandering mushroom
  3562 | D        | Reached XP level 7. HP: 41/53 MP: 2/16
  3866 | D        | Killed a wandering mushroom
  3867 | D        | Reached skill level 10 in Air Magic
  5288 | D        | Killed a burning bush
  5289 | D        | Reached skill level 11 in Air Magic
  5289 | D        | Reached XP level 8. HP: 51/61 MP: 0/19
  5652 | D        | Found Titoc's Antique Weapon Emporium.
  5652 | D        | Found Tidiriyr's Jewellery Shoppe.
  5705 | D        | Noticed a queen bee
  5709 | D        | Reached skill level 1 in Invocations
  5722 | D        | Reached *** piety under Sif Muna
  6776 | D        | Killed a queen bee
  6977 | D        | Noticed an oklob plant
  7374 | D        | Killed an oklob plant
  7375 | D        | Reached skill level 12 in Air Magic
  7375 | D        | Reached skill level 5 in Invocations
  7375 | D        | Reached XP level 9. HP: 67/67 MP: 4/21
  7700 | D        | Noticed a burning bush
  7703 | D        | Killed a burning bush
  7776 | D        | Noticed a wandering mushroom
  7776 | D        | Noticed a burning bush
  7776 | D        | Noticed an oklob plant
  7778 | D        | Killed a burning bush
  7778 | D        | Reached **** piety under Sif Muna
  7988 | D        | Killed a wandering mushroom
  7989 | D        | Killed an oklob plant
  7990 | D        | Reached skill level 13 in Air Magic
  8015 | D        | Noticed a spriggan druid
  8023 | D        | Killed a spriggan druid
  8023 | D        | Reached ***** piety under Sif Muna
  8023 | D        | Identified Sif Muna's Early Guide to Rites and Rhymes (Sif
                  | Muna gifted it to you in the Dungeon)
  8023 | D        | Received a gift from Sif Muna
  8024 | D        | Reached XP level 10. HP: 45/74 MP: 1/23
  8373 | D        | Noticed an oklob plant conjurer
  8374 | D        | Killed an oklob plant conjurer
  8375 | D        | Reached skill level 10 in Dodging
  8386 | D        | Noticed a spriggan berserker
  8388 | D        | Noticed an elephant
  8390 | D        | Noticed a death yak
  8390 | D        | Noticed an oklob plant
  8390 | D        | Noticed an oklob plant shifter
  8390 | D        | Noticed an oklob plant summoner
  8401 | D        | Annihilated by a spriggan berserker

Illustrated notes

Levels and vault maps discovered:
D:        dungeon_sprint_fedhas [sprint_temple]

Skill      XL: |  1  2  3  4  5  6  7  8  9 10 |
---------------+-------------------------------+-----
Fighting       | 1 2 3 5 6 7 8 9 |  9.7
Air Magic      | 4 5 6 8 9 11 12 13 | 13.6
Dodging        | 3 4 5 6 8 9 10 | 10.0
Spellcasting   | 3 4 5 6 7 8 9 |  9.2
Invocations    | 5 8 9 |  9.0
Stealth        | |  2.6
Conjurations   | |  1.0

Action                   |  1- 3 |  4- 6 |  7- 9 | 10-12 || total
-------------------------+-------+-------+-------+-------++-------
Melee: Unarmed           |    15 |    11 |     9 |       ||    35
       Constrict         |     3 |     1 |     1 |       ||     5
       Tentacles         |     2 |     2 |     1 |       ||     5
 Cast: Shock             |    11 |     6 |    22 |       ||    39
       Airstrike         |       |    17 |    28 |     3 ||    48
       Lightning Bolt    |       |       |    17 |     1 ||    18
Invok: Channel Magic     |       |       |       |     1 ||     1
       Forget Spell      |       |       |       |     1 ||     1
 Abil: Evoke Invisibilit |       |     2 |     2 |     1 ||     5
  Use: Potion            |     1 |     1 |     1 |       ||     3
       Scroll            |       |       |       |     2 ||     2
Armor: Skin              |       |       |       |     1 ||     1
Dodge: Dodged            |     4 |    12 |    16 |     4 ||    36

Table legend: (Time is in decaauts)
 A = Elapsed time spent in this place.
 B = Non-inter-level travel time spent in this place.
 C = Inter-level travel time spent in this place.
 D = Time resting spent in this place.
 E = Time spent auto-exploring this place.
 F = Levels seen in this place.
 G = Mean time per level.
                   A        B        C        D        E       F      G
               +--------+--------+--------+--------+--------+-----+--------+
         Total |   8409 |   8378 |     31 |   7899 |      0 |   1 | 8409.0 |
       Dungeon |   8409 |   8378 |     31 |   7899 |      0 |   1 | 8409.0 |
               +--------+--------+--------+--------+--------+-----+--------+

Top non-repeatable levels by time:
       D: 8409 daAuts
